AoeStats
← Thewanderero

QS Arena

503247769Analyzed
4v4 RM · 1mo ago on Aug 30, 2026· 27m 48s· 8 players
Game mode
Random Map
Map size
Large (8 player)
Population
200
Speed
Normal
Resources
Standard
Victory
Conquest
Starting age
Dark Age
Ending age
Imperial Age
RankedLock teamsTeams togetherTeam positionsShared explorationLock speedFull tech treeHidden civsTurbo modeCheats
Victory
Defeat
🇷🇺 Ethiopians · Russia
1145
+11
🇧🇾 Poles · Belarus
1085
+14
🇷🇺 Goths · Russia
1019
+17
🇷🇺 Byzantines · Russia
974
+19
🇩🇪 Lithuanians · Germany
1056
-16
🇺🇸 Franks · United States
1037
-15
🇺🇸 Bohemians · United States
1031
-15
🇩🇪 Mongols · Germany
1027
-15
Dillon
7:54 Feudal Age
13:22 Castle Age
11:59 Horse Collar
15:15 Double-Bit Axe
18:07 Loom
19:00 Wheelbarrow
25:09 Hand Cart
29:28 Imperial Age
saffronink
0:30 Loom
9:02 Feudal Age
13:19 Castle Age
11:14 Double-Bit Axe
14:23 Scale Mail Armor
14:40 Bow Saw
20:38 Gold Mining
26:09 Wheelbarrow
25:21 Town Watch
26:23 Scale Barding Armor
26:29 Forging
27:22 Husbandry
Φ Lechero
7:07 Feudal Age
12:19 Castle Age
10:42 Horse Collar
11:20 Double-Bit Axe
14:43 Stone Mining
17:57 Loom
21:48 Fletching
23:07 Nomads
24:11 Bodkin Arrow
24:16 Padded Archer Armor
27:08 Wheelbarrow
27:01 Ballistics
27:24 Gold Mining
28:12 Leather Archer Armor
redbuzzards
9:06 Feudal Age
13:45 Castle Age
12:24 Double-Bit Axe
13:18 Horse Collar
17:48 Pikeman
21:47 Forging
25:58 Bow Saw
Thewanderero
8:05 Feudal Age
8:43 Double-Bit Axe
8:40 Horse Collar
10:41 Bloodlines
14:57 Loom
17:24 Castle Age
16:30 Wheelbarrow
17:46 Scale Barding Armor
17:51 Forging
17:44 Light Cavalry
18:24 Husbandry
18:55 Bow Saw
20:12 Chain Barding Armor
20:28 Iron Casting
24:58 Iron Casting
24:19 Stone Mining
24:19 Gold Mining
25:51 Heavy Plow
26:38 Hand Cart
batya007
8:52 Feudal Age
16:12 Castle Age
14:32 Double-Bit Axe
15:05 Horse Collar
17:10 Pikeman
20:00 Wheelbarrow
21:43 Heavy Plow
22:14 Fletching
26:04 Imperial Age
24:41 Bow Saw
24:36 Loom
25:09 Forging
25:06 Scale Mail Armor
25:14 Padded Archer Armor
25:45 Bodkin Arrow
27:10 Conscription
27:19 Halberdier
BDSM|POLSKA
0:30 Loom
9:11 Feudal Age
9:44 Horse Collar
9:51 Double-Bit Axe
15:17 Castle Age
14:07 Gold Mining
14:14 Stone Mining
16:07 Heavy Plow
16:20 Bow Saw
17:43 Wheelbarrow
20:25 Fervor
20:36 Hand Cart
WAnds | danila90r
8:28 Feudal Age
12:24 Castle Age
11:53 Double-Bit Axe
13:25 Wheelbarrow
14:06 Bow Saw
14:59 Loom
17:22 Horse Collar
21:30 Scale Mail Armor
24:18 Chain Mail Armor
24:14 Forging
24:10 Gold Mining
26:06 Royal Heirs
29:51 Imperial Age
27:07 Loom
Connection lost

Rejoining the realm…

Still unreachable

The connection could not be restored.

Session expired

The server has moved on; the page needs a fresh start.